 Dungeon Crawl Stone Soup version 0.30.1-4-g462c640d31 (webtiles) character file.

Game seed: 16262244649945855613

121524 unlimited1921 the Eclecticist (level 17, -5/71 HPs)
             Began as a Djinni Fire Elementalist on Sept 12, 2023.
             Was a Follower of Ashenzari.
             Killed from afar by a starcursed mass (8 damage)
             ... with an accursed screaming
             ... on level 3 of the Abyss.
             The game lasted 03:54:26 (30543 turns).

unlimited1921 the Eclecticist (DjFE)               Turns: 30543, Time: 03:54:26

Health: -5/71      AC: 24    Str:  3      XL:     17   Next: 40%
Gold:   1151       EV: 15    Int: 25 (27) God:    Ashenzari [*.....] SH:  0 Dex: 17

rFire   + + +        I - +7 mace of the Stellar Anxiety {freeze, rElec Int+3 Dex+4, Fort, Cun} (curse)
rCold   x x .        (no shield)
rNeg    . . .        B - +9 ring mail of Wokic {rPois rF+ Int+3 Stlth-}
rPois   ∞            V - +0 helmet
rElec   +            O - +2 cloak {rC+}
rCorr   .            m - +2 pair of gloves of the Restrained Sky {Dex+3, Self, Cun} (curse)
SInv    +            (boots unavailable)
Will    +....        A - amulet of regeneration
Stlth   +            z - +5 ring of evasion
HPRegen 0.00/turn    k - ring of see invisible
MPRegen 0.00/turn

%: random rage (9%), infuse magic (-6 HP)
@: about to teleport, flying, inhibited regen, unable to read, unable to drink
A: sickness immunity, fire resistance 2, cold vulnerability 1[+2], float, innate
caster, HP casting, extra vitality 1, [berserk 2], [clumsy 2], [deterioration
2], [dopey 2], [frail 3], [screaming 2], [inhibited regeneration],
([teleportitis 2]), [weak 2], cold vulnerability 1[+2], [subdued magic 3],
[inability to drink after injury 2], [inability to read after injury 2]
a: Renounce Religion, Curse Item, Shatter the Chains


You were on level 3 of the Abyss.
You worshipped Ashenzari.
Ashenzari was aware of your devotion.
You visited 4 branches of the dungeon, and saw 21 of its levels.
You visited the Abyss 1 time.
You also visited: Sewer and Ice Cave.

You collected 1765 gold pieces.
You spent 614 gold pieces at shops.

Inventory:

Hand Weapons
 l - a +2 trident of venom
 n - a +2 long sword of holy wrath
 q - a +3 executioner's axe
 F - a +2 dagger of electrocution
 I - the cursed +7 mace of the Stellar Anxiety (weapon) {freeze, rElec Int+3 Dex+4, Fort, Cun}
   (You found it on level 2 of the Lair of Beasts)

   Int:       It affects your intelligence (+3).
   Dex:       It affects your dexterity (+4).
   rElec:     It insulates you from electricity.
   It has a curse which improves the following skills: Fortitude: Armour and
   Shields.
   Cunning:   Dodging and Stealth.
 J - a +2 hammer of protection
Missiles
 d - 47 poisoned darts
 e - 13 curare-tipped darts
 C - a throwing net
 T - 5 boomerangs of dispersal
 Y - 2 silver javelins
Armour
 h - a +1 robe of resistance
 m - the cursed +2 pair of gloves of the Restrained Sky (worn) {Dex+3, Self, Cun}
   (You found it on level 2 of the Dungeon)

   It has a curse which improves the following skills: Introspection: Fighting
   and Spellcasting.
   Cunning:   Dodging and Stealth.
 v - a +2 buckler
 y - a +0 troll leather armour
 B - the +9 ring mail of Wokic (worn) {rPois rF+ Int+3 Stlth-}
   (You found it on level 4 of the Dungeon)

   Int:       It affects your intelligence (+3).
   rF:        It protects you from fire.
   rPois:     It protects you from poison.
   Stlth:     It makes you less stealthy.
 E - +0 acid dragon scales
 G - a +1 buckler of protection
 O - a +2 cloak of cold resistance (worn)
 V - a +0 helmet (worn)
Jewellery
 k - a ring of see invisible (right hand)
 z - a +5 ring of evasion (left hand)
 A - an amulet of regeneration (around neck)
 L - a +6 ring of strength
 Q - a ring of protection from cold
 U - the ring of Sloth {rPois Str+2 Stlth+}
   (You found it in an ice cave)

   [ring of poison resistance]

   Str:       It affects your strength (+2).
   rPois:     It protects you from poison.
   Stlth:     It makes you more stealthy.
 X - an amulet of regeneration
Wands
 b - a wand of polymorph (4)
 u - a wand of quicksilver (6)
 D - a wand of mindburst (17)
 M - a wand of paralysis (24)
 N - a wand of digging (8)
 S - a wand of roots (4)
Scrolls
 c - 7 scrolls of enchant weapon
 f - 5 scrolls of teleportation
 r - 6 scrolls of poison
 t - 3 scrolls of fear
 w - a scroll of summoning
 x - 3 scrolls of fog
 W - a scroll of magic mapping (quivered)
Potions
 a - 2 potions of invisibility
 g - a potion of cancellation
 i - 5 potions of heal wounds
 j - 2 potions of might
 o - 5 potions of mutation
 p - 10 potions of curing
 s - 4 potions of lignification
 H - 2 potions of ambrosia
 K - 3 potions of haste
 P - 2 potions of resistance
 R - 3 potions of brilliance


   Skills:
 + Level 2.4(3.1) Fighting
 + Level 0.4 Short Blades
 + Level 2.0 Maces & Flails
 + Level 1.2 Polearms
 + Level 9.0(9.8) Armour
 + Level 5.9(7.1) Dodging
 + Level 4.0(5.1) Stealth
 * Level 11.2(12.0) Shields
 + Level 19.4(20.1) Spellcasting


You knew the following spells:

 Your Spells              Type           Power      Damage    Failure   Level
a - Foxfire               Conj/Fire      100%       2x1d9     0%          1
b - Scorch                Fire           100%       2d9       0%          2
c - Volatile Blastmotes   Fire/Tloc      100%       2d18      0%          3
d - Inner Flame           Hex/Fire       60%        N/A       0%          3
e - Flame Wave            Conj/Fire      60%        2d14      0%          4
f - Sting                 Tmut/Pois      100%       1d8       0%          1
g - Blink                 Tloc           100%       N/A       0%          2
h - Stone Arrow           Conj/Erth      100%       3d13      0%          3
i - Summon Guardian Gole  Hex/Summ       60%        N/A       0%          3
j - Dispel Undead         Necr           60%        3d21      0%          4
k - Yara's Violent Unrav  Hex/Tmut       30%        3d13      0%          5
l - Summon Cactus Giant   Summ           30%        N/A       1%          6
m - Iron Shot             Conj/Erth      30%        9d6       1%          6
Your spell library was empty.

Dungeon Overview and Level Annotations

Branches:
Dungeon (11/15)            Temple (0/1) D:7            Lair (5/5) D:9
  Swamp (0/4) Lair:3       Spider (0/4) Lair:2        Slime (0/5) Lair:4
    Orc (2/2) D:10            Elf (3/3) Orc:2         Sewer (visited)
  IceCv (visited)

Altars:
Ashenzari
Cheibriados
Elyvilon
Fedhas
Hepliaklqana
Makhleb
Okawaru
Trog
Wu Jian
Xom
Yredelemnul
Zin

Shops:
D:1 [   D:3 (?!(   D:6 (=   D:7 *?   D:9 =   Orc:2 ((*[   Elf:1 ?(::

Annotations:
D:8 3 runed translucent doors, Drunn's ghost, novice DsEE
Lair:5 2 transporters, riellis1's ghost, journeyman FoFi
Elf:1 Ewetirimn's ghost, adept MiBe
Abyss:3 1 transporter


Innate Abilities, Weirdness & Mutations

You are immune to sickness and miasma.
You are immune to poison.
Your flesh is very heat resistant. (rF++)
[You are extremely vulnerable to cold. (rC---)]
You float through the air rather than walking.
You learn spells naturally, not from books.
Your magical power is your life essence.
You have superior vitality. (+4 MHP)
[You have an uncontrollable temper.]
[You are very clumsy. (Dex -4)]
[Your body often deteriorates upon taking damage.]
[You are very dopey. (Int -4)]
[You are extremely frail. (-30% HP)]
[You frequently scream uncontrollably at your foes.]
[You do not regenerate when monsters are visible.]
[((You are often teleported next to monsters.))]
[You are very weak. (Str -4)]
[You are extremely vulnerable to cold. (rC---)]
[Your spells are much easier to cast, but much less powerful.]
[You sometimes lose the ability to drink potions when taking damage.]
[You sometimes lose the ability to read scrolls when taking damage.]


Message History

Confirm with . or Enter, or press ? or * to list all spells.
Okay, then.
Unknown command.
Throw: 48 darts (poison)
Press: ? - help, Q - select action, (/) - cycle Shift-Dir - straight line, f/p - tentacled starspawn
Aim: a tentacled starspawn (79% to hit)
Really fire in your cactus giant's direction?
You throw a poisoned dart.
The poisoned dart hits your cactus giant.
Your cactus giant is moderately damaged.
Your cactus giant disappears in a puff of smoke!
The wretched star glows turbulently.
The lance of force hits you.
You are knocked back by the lance of force.
You slam into the stone wall!
* * * LOW HITPOINT WARNING * * *
Casting: Summon Cactus Giant (safe; 1% risk of failure)
Confirm with . or Enter, or press ? or * to list all spells.
* * * LOW HITPOINT WARNING * * *
The starcursed mass shrieks in your mind.
You feel threatened and lose the ability to read scrolls!
* * * LOW HITPOINT WARNING * * *
Unknown command.
Casting: Summon Cactus Giant (safe; 1% risk of failure)
Confirm with . or Enter, or press ? or * to list all spells.
Flames lash the wretched star.
The wretched star resists.
The wretched star is severely damaged.
The wretched star's fire resistance burns away.
* * * LOW HITPOINT WARNING * * *
The wretched star pulses with an eldritch light!
Your cactus giant twists and deforms.
Your cactus giant is engulfed in blazing flames.
Your cactus giant hits the wretched star with a +0 giant spiked club!!
The wretched star is destroyed!
Casting: Scorch (safe; 0% risk of failure)
Confirm with . or Enter, or press ? or * to list all spells.
A guardian golem appears, shielding your allies.
* * * LOW HITPOINT WARNING * * *
The starcursed mass shrieks in your mind.
You die...

. # ...##
# . # ##*
### .
#..Xw#####
#X9C@#
######


You could see a starcursed mass, a tentacled starspawn (ally target), a
starspawn tentacle, a friendly cactus giant (summoned, sheltered, misshapen) and
a friendly guardian golem (summoned).

Vanquished Creatures
  Zenata (Elf:1)
  Kirke (Lair:5)
  3 deep elf elementalists (Elf:3)
  A deep elf sorcerer (Elf:1)
  An orc warlord (Orc:2)
  2 deep elf demonologists
  2 deep elf annihilators (Elf:3)
  3 deep elf death magi
  2 deep elf high priests (Elf:3)
  3 hydras
  A catoblepas (Lair:4)
  A boulder beetle (Lair:4)
  3 dancing weapons
  A two-headed ogre (shapeshifter) (Elf:2)
  4 death yaks (Lair:4)
  A two-headed ogre (D:10)
  An orc high priest (Orc:2)
  Urug (Lair:5)
  13 deep elf knights
  3 skysharks
  2 bog bodies (IceCv)
  Pikel (D:8)
  4 deep elf archers
  A lindwurm (Lair:4)
  18 deep elf pyromancers
  13 deep elf zephyrmancers
  5 orc sorcerers (Orc:2)
  An orc knight (Orc:1)
  Maurice (D:8)
  7 elephants (Lair:4)
  An ice statue (IceCv)
  5 black mambas
  11 cane toads
  A gargoyle (D:6)
  2 torpor snails (Lair:4)
  3 rime drakes
  An anaconda simulacrum (IceCv)
  7 komodo dragons
  8 polar bears
  5 trolls
  5 hornets
  5 blink frogs
  Prince Ribbit (D:7)
  9 dream sheep
  A water elemental (Elf:2)
  13 spriggans
  5 basilisks
  4 wyverns
  A dire elephant simulacrum (IceCv)
  An air elemental (Elf:3)
  24 yaks
  3 hogs (Lair:5)
  A human (Lair:5)
  Grum (D:8)
  A harpy simulacrum (IceCv)
  2 death yak simulacra (IceCv)
  An acid dragon (D:11)
  4 wargs
  15 water moccasins
  A hydra simulacrum (IceCv)
  17 orc warriors
  5 black bears
  10 ogres
  20 wolves
  3 boggarts (Lair:5)
  3 centaurs
  2 phantoms
  9 kobold brigands
  A gnoll sergeant (D:10)
  13 bullfrogs
  8 two-headed ogre simulacra (IceCv)
  An earth elemental (Elf:1)
  A scorpion (D:6)
  4 cane toad simulacra (IceCv)
  2 elf skeletons (D:8)
  14 wights
  2 elephant simulacra (IceCv)
  3 killer bees (D:7)
  5 electric eels
  3 howler monkeys (D:8)
  3 hounds
  A human zombie (D:8)
  8 jellies
  Crazy Yiuf (D:4)
  14 orc priests
  2 iguanas
  3 sleepcaps
  A human skeleton (D:8)
  30 orc wizards
  7 hell rats (Lair:4)
  6 troll simulacra (IceCv)
  2 polar bear simulacra (IceCv)
  2 spriggan simulacra (IceCv)
  2 wolf simulacra (IceCv)
  10 adders
  13 gnolls
  5 naga simulacra (IceCv)
  3 river rats (Sewer)
  4 shadow imps
  4 white imps
  6 ufetubi
  7 worms
  A dart slug (D:3)
  43 orcs
  2 bats
  2 endoplasms (Sewer)
  3 giant cockroaches (D:4)
  6 goblins
  16 hobgoblins
  3 jackals (D:1)
  72 kobolds
  9 quokkas
  10 ball pythons
  4 frilled lizards
  2 orc skeletons (D:8)
  6 rats
682 creatures vanquished.

Vanquished Creatures (collateral kills)
  2 deep elf sorcerers (Elf:3)
  An orc warlord (Orc:1)
  A deep elf annihilator (Elf:3)
  A deep elf death mage (Elf:3)
  A deep elf high priest (Elf:3)
  21 dancing weapons
  2 orc high priests
  3 deep elf knights
  A wretched star (Abyss:3)
  8 deep elf pyromancers
  5 deep elf zephyrmancers
  An air elemental (Elf:3)
  A fire elemental (Elf:3)
  A neqoxec (Abyss:3)
  2 wargs
  4 orc warriors
  2 earth elementals
  4 orc priests (Orc:2)
  3 orc wizards (Orc:2)
  4 orcs
  16 foxfires
84 creatures vanquished.

Vanquished Creatures (others)
  2 death yaks
  A two-headed ogre (D:8)
  2 dancing weapons (Elf:2)
  3 deep elf knights
  A black mamba (Lair:5)
  A hornet (Lair:5)
  An air elemental (Elf:2)
  A spriggan (Lair:5)
  3 yaks (Lair:5)
  A death yak simulacrum (IceCv)
  A harpy simulacrum (IceCv)
  A human (D:7)
  An elephant simulacrum (IceCv)
  2 electric eels (Lair:3)
  A wolf simulacrum (IceCv)
  An orc (Orc:2)
  2376 foxfires
  5 starspawn tentacles (Abyss:3)
2404 creatures vanquished.

Grand Total: 3170 creatures vanquished

Notes
Turn   | Place    | Note
-------+----------+-------------------------------------------
     0 | D:1      | unlimited1921 the Djinni Fire Elementalist began the quest
                  | for the Orb.
     0 | D:1      | unlimited1921 set off with the following spells memorised:
                  | Foxfire, Scorch, Volatile Blastmotes, Inner Flame, Flame
                  | Wave.
     0 | D:1      | Reached XP level 1. HP: 15/15 MP: 0/0
   223 | D:1      | Reached XP level 2. HP: 18/21 MP: 0/0
  1408 | D:1      | Reached skill level 3 in Spellcasting
  1651 | D:1      | Reached XP level 3. HP: 21/25 MP: 0/0
  1651 | D:1      | Learned a level 1 spell: Sting
  2143 | D:1      | Found Toiloa's Armour Shoppe.
  3052 | D:2      | Reached XP level 4. HP: 31/31 MP: 0/0
  4229 | D:3      | Found a faded altar of an unknown god.
  4636 | D:3      | Found Eshroomn's Antique Weapon Boutique.
  5111 | D:3      | Noticed a kobold brigand
  5140 | D:3      | Killed a kobold brigand
  5141 | D:3      | Reached skill level 4 in Spellcasting
  5141 | D:3      | Reached XP level 5. HP: 27/35 MP: 0/0
  5141 | D:3      | Learned a level 2 spell: Blink
  5219 | D:3      | Found a burning altar of Makhleb.
  5236 | D:3      | Found Laikeq's Magic Scroll Emporium.
  5357 | D:3      | Bought a scroll of blinking for 105 gold pieces
  5515 | D:3      | Found Toebbyiss's Weapon Shop.
  5571 | D:3      | Found a bloodstained altar of Trog.
  5757 | D:3      | Found Wiuheak's Distillery.
  6231 | D:3      | Noticed a kobold brigand
  6239 | D:4      | Found a glowing drain.
  6254 | Sewer    | Entered a sewer
  6638 | Sewer    | Noticed a kobold brigand
  6646 | Sewer    | Killed a kobold brigand
  6647 | Sewer    | Reached XP level 6. HP: 32/40 MP: 0/0
  6842 | Sewer    | Reached skill level 5 in Spellcasting
  6891 | Sewer    | Reached XP level 7. HP: 39/45 MP: 0/0
  6891 | Sewer    | Learned a level 3 spell: Stone Arrow
  8157 | D:4      | Reached skill level 6 in Spellcasting
  8216 | D:4      | Identified the +9 ring mail of Wokic {rPois rF+ Int+3
                  | Stlth-}
  8254 | D:4      | Found a blossoming altar of Fedhas.
  8436 | D:4      | Found an iron altar of Okawaru.
  8450 | D:4      | Found a basalt altar of Yredelemnul.
  8453 | D:4      | Found an ornate altar of the Wu Jian Council.
  8456 | D:4      | Found a shimmering altar of Xom.
  8509 | D:4      | Found a broken altar of Ashenzari.
  8513 | D:4      | Saw a vision of the Swamp and the Spider Nest.
  8513 | D:4      | Noticed a wolf spider
  8513 | D:4      | Noticed a tyrant leech
  8513 | D:4      | Noticed an orb spider
  8513 | D:4      | Noticed a moth of wrath
  8513 | D:4      | Noticed a tyrant leech
  8513 | D:4      | Noticed a wolf spider
  8513 | D:4      | Noticed an eleionoma
  8513 | D:4      | Noticed a jumping spider
  8513 | D:4      | Noticed a redback
  8513 | D:4      | Noticed a ghost crab
  8513 | D:4      | Noticed a demonic crawler
  8513 | D:4      | Noticed a demonic crawler
  8513 | D:4      | Noticed a tyrant leech
  8514 | D:4      | Noticed a radroach
  8514 | D:4      | Noticed a bloated husk
  8514 | D:4      | Noticed a wolf spider
  8515 | D:4      | Noticed a bog body
  8515 | D:4      | Noticed a tarantella
  8516 | D:4      | Noticed a tarantella
  8516 | D:4      | Noticed an entropy weaver
  8520 | D:4      | Noticed a bloated husk
  8522 | D:4      | Became a worshipper of Ashenzari the Shackled
  8524 | D:4      | Noticed a wolf spider
  8526 | D:4      | Noticed a spriggan druid
  9157 | D:4      | Reached XP level 8. HP: 42/50 MP: 0/0
  9419 | D:4      | Reached skill level 1 in Armour
 10309 | D:4      | Found a runed translucent door.
 10310 | D:4      | Noticed Crazy Yiuf
 10314 | D:4      | Killed Crazy Yiuf
 10315 | D:4      | Reached skill level 7 in Spellcasting
 10355 | D:5      | Entered Level 5 of the Dungeon
 11027 | D:5      | Reached XP level 9. HP: 55/55 MP: 0/0
 11027 | D:5      | Learned a level 3 spell: Summon Guardian Golem
 11374 | D:6      | Found Dasiroid's Antique Weapon Boutique.
 11424 | D:6      | Found a hazy altar of Hepliaklqana.
 11437 | D:6      | Noticed a gargoyle
 11444 | D:6      | Killed a gargoyle
 11445 | D:6      | Reached skill level 8 in Spellcasting
 11503 | D:6      | Found Ijeappa's Jewellery Emporium.
 12200 | D:7      | Found a staircase to the Ecumenical Temple.
 12243 | D:7      | Found Joysabb's Magic Scroll Emporium.
 12266 | D:7      | Reached skill level 9 in Spellcasting
 12271 | D:7      | Reached XP level 10. HP: 49/60 MP: 0/0
 12358 | D:7      | Reached skill level 5 in Armour
 12870 | D:7      | Identified the +2 pair of boots of the Gastropod {*Slow
                  | Will+ rCorr Dex+3}
 12896 | D:7      | Noticed Prince Ribbit
 12899 | D:7      | Killed Prince Ribbit
 13025 | D:7      | Found Siyrgh's Fire Supplies.
 13154 | D:8      | Reached skill level 10 in Spellcasting
 13159 | D:8      | Noticed Pikel
 13166 | D:8      | Killed Pikel
 13185 | D:8      | Noticed a two-headed ogre
 13192 | D:8      | Killed a two-headed ogre
 13301 | D:8      | Found a white marble altar of Elyvilon.
 13541 | D:8      | Noticed Maurice
 13549 | D:8      | Killed Maurice
 13550 | D:8      | Reached XP level 11. HP: 51/65 MP: 0/0
 13550 | D:8      | Learned a level 4 spell: Dispel Undead
 13568 | D:8      | Reached skill level 11 in Spellcasting
 13585 | D:8      | Found a runed translucent gate.
 13585 | D:8      | Found a runed translucent gate.
 13589 | D:8      | Noticed a two-headed ogre
 13596 | D:8      | Noticed Grum
 13612 | D:8      | Killed Grum
 13657 | D:8      | Noticed a rakshasa
 13658 | D:8      | Found a runed translucent gate.
 13664 | D:8      | Noticed Drunn's ghost (novice DsEE)
 14332 | D:9      | Found a staircase to the Lair.
 14415 | D:9      | Reached skill level 1 in Polearms
 14556 | D:9      | Found Gaduothri's Jewellery Shop.
 14697 | D:9      | Found a snail-covered altar of Cheibriados.
 14964 | D:10     | Entered Level 10 of the Dungeon
 14983 | D:10     | Noticed a two-headed ogre
 14991 | D:10     | Killed a two-headed ogre
 15017 | D:10     | Found a glowing silver altar of Zin.
 15071 | D:10     | Reached skill level 12 in Spellcasting
 15837 | D:10     | Found a staircase to the Orcish Mines.
 16367 | Orc:1    | Entered Level 1 of the Orcish Mines
 16367 | Orc:1    | Noticed an orc knight
 16378 | Orc:1    | Killed an orc knight
 16379 | Orc:1    | Reached XP level 12. HP: 55/72 MP: 0/0
 16389 | Orc:1    | Reached skill level 1 in Shields
 16588 | Orc:2    | Entered Level 2 of the Orcish Mines
 16805 | Orc:2    | Noticed an orc warlord
 16807 | Orc:2    | Paralysed by an orc sorcerer for 3 turns
 17328 | Lair:1   | Entered Level 1 of the Lair of Beasts
 17328 | Lair:1   | You are sucked into a shaft and drop 1 floor!
 17335 | Lair:2   | Found a frozen archway.
 17373 | IceCv    | Entered an ice cave
 18221 | IceCv    | Reached skill level 13 in Spellcasting
 18764 | IceCv    | Identified the ring of Sloth {rPois Str+2 Stlth+}
 18768 | IceCv    | Got the Atlas of Maleficent Acts and Calefaction
 18837 | Lair:2   | Identified the +7 mace of Pisurosh {freeze, rElec Int+3
                  | Dex+4}
 19078 | Lair:2   | Noticed a skyshark
 19084 | Lair:2   | Killed a skyshark
 19193 | Lair:2   | Got the Tractate on Position
 19260 | Lair:2   | Found a hole to the Spider Nest.
 19677 | Lair:3   | Reached XP level 13. HP: 66/76 MP: 0/0
 19677 | Lair:3   | Learned a level 5 spell: Yara's Violent Unravelling
 19738 | Lair:3   | Found a staircase to the Swamp.
 19946 | Lair:3   | Reached skill level 14 in Spellcasting
 20407 | Lair:4   | Reached skill level 5 in Shields
 20451 | Lair:4   | Noticed a seven-headed hydra
 20462 | Lair:4   | Killed a seven-headed hydra
 20482 | Lair:4   | Noticed a five-headed hydra
 20489 | Lair:4   | Killed a five-headed hydra
 20735 | Lair:4   | Reached skill level 1 in Maces & Flails
 20805 | Lair:3   | Reached skill level 1 in Fighting
 21390 | Lair:4   | Reached skill level 15 in Spellcasting
 21469 | Lair:4   | Reached XP level 14. HP: 65/83 MP: 0/0
 21639 | Lair:4   | Found a staircase to the Slime Pits.
 21813 | Lair:4   | Got Witwoedgh's Secrets of Coordinates and the Birds
 22029 | Lair:5   | Entered Level 5 of the Lair of Beasts
 22074 | Lair:5   | Noticed Urug
 22078 | Lair:5   | Killed Urug
 22729 | Lair:5   | Reached skill level 16 in Spellcasting
 23065 | Lair:5   | Noticed Kirke
 23074 | Lair:5   | Killed Kirke
 23180 | Lair:5   | Reached skill level 5 in Dodging
 23369 | Lair:5   | Found a transporter.
 23369 | Lair:5   | Found a transporter.
 23480 | Lair:5   | Noticed riellis1's ghost (journeyman FoFi)
 24466 | Lair:1   | Reached XP level 15. HP: 69/89 MP: 0/0
 24466 | Lair:1   | Learned a level 6 spell: Summon Cactus Giant
 24751 | Orc:1    | Killed an orc warlord
 24857 | Orc:2    | Noticed an orc warlord
 24872 | Orc:2    | Killed an orc warlord
 25429 | Orc:2    | Paralysed by an orc sorcerer for 3 turns
 25524 | Orc:2    | Found Evish's Weapon Boutique.
 25524 | Orc:2    | Found Cuunn's Weapon Boutique.
 25525 | Orc:2    | Found Yfovom's Assorted Antiques.
 25531 | Orc:2    | Found Ecoxo's Antique Armour Shop.
 25581 | Orc:2    | Bought a glowing ruby potion for 21 gold pieces
 25581 | Orc:2    | Bought a runed diamond ring for 120 gold pieces
 25812 | Orc:2    | Found a staircase to the Elven Halls.
 26041 | Elf:1    | Entered Level 1 of the Elven Halls
 26060 | Elf:1    | Reached skill level 17 in Spellcasting
 26173 | Elf:1    | Found Dekhliez's Magic Scroll Boutique.
 26173 | Elf:1    | Found Zyfroaw's Antique Weapon Shop.
 26173 | Elf:1    | Noticed Zenata
 26290 | Elf:1    | Killed Zenata
 26357 | Elf:1    | Found Yzoo's Book Boutique.
 26379 | Elf:1    | Noticed a deep elf sorcerer
 26384 | Elf:1    | Killed a deep elf sorcerer
 26524 | Elf:1    | Bought a scroll of magic mapping for 120 gold pieces
 26524 | Elf:1    | Bought a scroll of blinking for 120 gold pieces
 26524 | Elf:1    | Bought 2 scrolls of poison for 128 gold pieces
 26686 | Elf:1    | Got the Papyrus of the Mob
 26801 | Elf:1    | Found Addiasa's Book Boutique.
 26802 | Elf:1    | Noticed Ewetirimn's ghost (adept MiBe)
 26804 | Elf:1    | Found a transporter.
 26823 | Elf:1    | Found a transporter.
 27195 | Elf:1    | Reached * piety under Ashenzari
 27410 | Elf:1    | Identified the +1 trident of the Muttering Gods {antimagic,
                  | rC+ Int+7}
 27411 | Elf:1    | Identified the +2 cloak "Oshryhio" {+Inv rC+ Slay+2}
 27655 | Elf:2    | Reached XP level 16. HP: 95/95 MP: 0/0
 28004 | Elf:2    | Reached skill level 18 in Spellcasting
 28020 | Elf:2    | Reached skill level 10 in Shields
 28146 | Elf:2    | Found a runed translucent gate.
 28146 | Elf:2    | Found a runed translucent gate.
 28375 | Elf:2    | Found a runed translucent gate.
 29688 | Elf:3    | Entered Level 3 of the Elven Halls
 29809 | Elf:3    | Paralysed by an air elemental for 1 turns
 30052 | Elf:3    | Reached XP level 17. HP: 91/101 MP: 0/0
 30052 | Elf:3    | Learned a level 6 spell: Iron Shot
 30113 | Elf:3    | Reached skill level 19 in Spellcasting
 30397 | Elf:3    | Identified the +7 great mace of Vuir {flame, rCorr}
 30485 | Abyss:3  | Found a transporter.
 30485 | Abyss:3  | Cast into level 3 of the Abyss (a deep elf sorcerer)
 30488 | Abyss:3  | Noticed a tentacled starspawn
 30543 | Abyss:3  | Killed from afar by a starcursed mass

Illustrated notes

Levels and vault maps discovered:
D:1:      roderic_crop_circles_arrival_small, layout_rooms, serial_shops,
          nicolae_shop_pleasant_corner_grove, minmay_tetromino_o2
D:2:      wad_lake_hut, layout_basic, serial_rivers,
          chequers_serial_rivers_room_a, chequers_serial_rivers_large_b,
          chequers_serial_rivers_large_a, chequers_serial_rivers_small_3,
          chequers_serial_rivers_micro_c, chequers_serial_rivers_micro_c,
          chequers_jeans
D:3:      cheibrodos_thug_alley, layout_basic, lightli_temple_of_fire,
          mainiacjoe_overflow_paths, ebering_ecumenical_altar_box, serial_shops,
          shop, nicolae_shop_hallway_plus, shop, shop
D:4:      minmay_goblin_kobold_castle, layout_loops_ring,
          grunt_ashenzari_visionary [grunt_ashenzari_visionary_swamp,
          grunt_ashenzari_visionary_spider], fedhas_ov_isle_minmay,
          grunt_temple_overflow_cloverleaf, portal_sewer_entry_f,
          minmay_circle_x, uniq_crazy_yiuf_cottage
D:5:      layout_basic, kennysheep_boxes
D:6:      layout_basic, nzn_hepliaklqana_mist_gate, serial_shops,
          nicolae_shop_tiny_statue_garden, minmay_shop_enchanted_jewellery,
          st_stairs_9
D:7:      layout_rooms, nicolae_overflow_hidden_temple, tgw_kikubaaqudgha,
          minmay_temple_entry_mini_moons, serial_shops, shop,
          nicolae_kite_square_tiling_tiny, nicolae_shop_fire_sale
          [nicolae_sub_dead_trees], grunt_ministairs_15, uniq_prince_ribbit1
D:8:      layout_gridville, mainiacjoe_overflow_concentric_impassable,
          nicolae_ossuary_entry_catacombs, gammafunk_ghost_split, uniq_maurice,
          uniq_pikel, uniq_grum
D:9:      layout_cave_pools, cheibriados_altar_1, erik_lair_island,
          serial_shops, shop
D:10:     layout_basic, mainiacjoe_overflow_six_doors_small, orc_0_dummy,
          minmay_stone_trees_small
D:11:     kennysheep_spiral_hall, layout_gridville, uniq_josephine
Lair:1:   layout_cave_shapes
Lair:2:   layout_loops_ring, dummy_spider_entry, portal_ice_cave_rime,
          lemuel_fruit_fields
Lair:3:   layout_gridlike, minmay_swamp_entry_eels, st_stairs_4
Lair:4:   nzn_winding_woodlands_large [nzn_winding_woodlands_5x5_closed_star,
          nzn_winding_woodlands_5x15_cabin, nzn_winding_woodlands_5x5_cross,
          nzn_winding_woodlands_center_lodge,
          nzn_winding_woodlands_15x15_five_gardens,
          nzn_winding_woodlands_center_triple_pond,
          nzn_winding_woodlands_5x5_three, nzn_winding_woodlands_5x15_jagged,
          nzn_winding_woodlands_5x5_default], layout_big_grid,
          nicolae_slime_entry_field_trip
Lair:5:   minmay_lair_end_enchanted_forest, layout_loops_ring,
          gammafunk_ghost_hive, uniq_urug, uniq_kirke
Orc:1:    layout_diamond_mine
Orc:2:    st_orc_mages, layout_caves
Elf:1:    eino_elf_arrival_customs, layout_geoelf_octagon,
          gammafunk_ghost_arena, serial_shops, shop, minmay_elf_demonology,
          dk_noncrumbling_3, minmay_shop_star, uniq_zenata
Elf:2:    elven_hall_of_blades_hangedman_original [nicolae_blade_bullseye],
          layout_loops_corners
Elf:3:    minmay_elf_hall_curves, layout_rooms, serial_shops, shop,
          gammafunk_ghost_tricky_traps, minivault_19
Abyss:3:  base: Vaults:2, gammafunk_corrupted_shrine

Skill      XL: |  1  2  3  4  5  6  7  8  9 10 11 12 13 14 15 16 17 |
---------------+----------------------------------------------------+-----
Spellcasting   | 3 4 5 6 7 9 10 12 13 15 16 17 18 19 | 19.4
Stealth        | 2 3 4 |  4.0
Armour         | 3 4 6 7 8 9 |  9.0
Dodging        | 3 4 5 |  5.9
Polearms       | 1 |  1.2
Shields        | 4 6 8 9 10 11 | 11.2
Maces & Flails | 1 2 |  2.0
Fighting       | 1 2 |  2.4
Short Blades   | |  0.4

Action                     |  1- 3 |  4- 6 |  7- 9 | 10-12 | 13-15 | 16-18 || total
---------------------------+-------+-------+-------+-------+-------+-------++-------
  Melee: Unarmed           |    11 |     4 |       |       |       |       ||    15
         Dagger            |       |       |    24 |       |       |       ||    24
         Punch             |       |       |     1 |       |     3 |       ||     4
         Spear             |       |       |       |    22 |       |       ||    22
         Mace              |       |       |       |       |    90 |     9 ||    99
  Throw: Javelin           |       |       |       |       |       |     2 ||     2
         Dart              |       |       |       |       |       |     1 ||     1
   Cast: Foxfire           |    69 |   125 |   277 |   488 |   336 |   147 ||  1442
         Scorch            |     4 |     8 |    16 |    80 |   109 |    39 ||   256
         Volatile Blastmot |       |     3 |       |     2 |     3 |       ||     8
         Inner Flame       |       |     2 |    23 |    88 |   158 |    58 ||   329
         Stone Arrow       |       |       |    31 |    77 |   109 |    17 ||   234
         Summon Guardian G |       |       |     2 |    55 |   112 |    23 ||   192
         Sting             |       |       |       |     2 |       |       ||     2
         Flame Wave        |       |       |       |     1 |    23 |     3 ||    27
         Summon Cactus Gia |       |       |       |       |    54 |    69 ||   123
         Yara's Violent Un |       |       |       |       |     4 |    13 ||    17
         Iron Shot         |       |       |       |       |       |    20 ||    20
 Invoke: Curse Item        |       |       |     1 |       |     1 |       ||     2
    Use: Scroll            |       |       |       |    16 |    12 |     3 ||    31
         Potion            |       |       |       |     2 |     8 |     2 ||    12
 Armour: Robe              |       |     3 |     3 |       |       |       ||     6
         Ring mail         |       |       |    23 |    97 |   137 |    48 ||   305
  Dodge: Dodged            |     4 |    10 |    16 |    75 |   234 |    69 ||   408
  Block: Buckler           |       |       |       |    19 |    55 |       ||    74
